 Dungeon Crawl Stone Soup version 0.23.2-33-g5129a83184 (webtiles) character file.

Game seed: 2497884088324817914

150 MalarOregon the Digger (level 5, -16/45 HPs)
             Began as a Ghoul Earth Elementalist on July 15, 2019.
             Demolished by an ogre
             ... wielding a +0 giant spiked club
              (19 damage)
             ... on level 4 of the Dungeon.
             The game lasted 00:08:22 (3270 turns).

MalarOregon the Digger (Ghoul Earth Elementalist)   Turns: 3270, Time: 00:08:22

Health: -16/45     AC:  5    Str: 14    XL:     5   Next: 32%
Magic:  1/6        EV: 10    Int: 11    God:
Gold:   135        SH:  0    Dex:  9    Spells: 1/7 levels left

rFire    . . .     SeeInvis .   g - +1 dagger
rCold    + . .     Gourm    .   (no shield)
rNeg     + + +     Faith    .   l - +0 ring mail (curse)
rPois    ∞         Spirit   .   (no helmet)
rElec    .         Reflect  .   q - -1 cloak (curse)
rCorr    .         Harm     .   (no gloves)
MR       .....                  (no boots)
Stlth    +.........             (no amulet)
HPRegen  0.00/turn              p - +2 ring of strength
MPRegen  0.10/turn              (no ring)

@: very slightly contaminated, rotting, invisible
A: rotting body, claws 1, carnivore, cold resistance 1, negative energy
resistance 3, inhibited regeneration, torment resistance, unbreathing
a: no special abilities


You were on level 4 of the Dungeon.
You were not hungry.

You visited 1 branch of the dungeon, and saw 4 of its levels.

You collected 135 gold pieces.

Inventory:

Hand Weapons
 g - a +1 dagger (weapon)
   (You took it off a kobold on level 1 of the Dungeon)
Missiles
 b - 26 stones (quivered)
 o - 23 poisoned needles
Armour
 c - a +0 robe
 l - a cursed +0 ring mail (worn)
   (You found it on level 1 of the Dungeon)
 q - a cursed -1 cloak (worn)
   (You found it on level 2 of the Dungeon)
Jewellery
 p - a +2 ring of strength (left claw)
   (You found it on level 3 of the Dungeon)
Wands
 a - a wand of polymorph (10)
   (You found it on level 4 of the Dungeon)
Scrolls
 d - 2 scrolls of enchant weapon
 f - a scroll of teleportation {@r4}
 h - a scroll of amnesia
 n - a scroll of fear
Potions
 i - 3 potions of curing {@q1}
 k - a potion of brilliance
 m - a potion of invisibility
 r - a potion of magic
Comestibles
 e - 6 rations {!d}


   Skills:
 + Level 3.6 Fighting
 - Level 1.7 Dodging
 - Level 2.1 Stealth
 - Level 1.7 Spellcasting
 - Level 0.8 Transmutations
 - Level 5.0 Earth Magic


You had one spell level left.
You knew the following spells:

 Your Spells              Type           Power        Failure   Level  Hunger
a - Sandblast             Erth           ##....       8%          1    ##.....
q - Passwall              Tmut/Erth      #.......     28%         2    ###....
x - Stone Arrow           Conj/Erth      #.....       54%         3    ####...

Your spell library contained the following spells:

 Spells                   Type           Power        Failure   Level  Hunger
 Petrify                  Tmut/Erth      #.......     88%         4    #####..
 Lee's Rapid Deconstruct  Erth           ##........   91%         5    ######.


Dungeon Overview and Level Annotations

Branches:
Dungeon (4/15)
 Temple: D:4-7

Altars:
Trog
Uskayaw
Yredelemnul


Innate Abilities, Weirdness & Mutations

Your body is rotting away.
You thrive on raw meat.
You are immune to poison.
You have sharp fingernails.
You are carnivorous and can eat meat at any time.
Your flesh is cold resistant. (rC+)
You are immune to negative energy. (rN+++)
You do not regenerate when monsters are visible.
You are immune to unholy pain and torment.
You can survive without breathing.


Message History

b - 28 stones The worker ant bites you but does no damage.
Aim: a worker ant (severely wounded)
The blast of sand hits the worker ant but does no damage.
b - 27 stones The worker ant barely misses you.
You hit the worker ant. The worker ant bites you.
* * * LOW HITPOINT WARNING * * *
The worker ant bites you.
* * * LOW HITPOINT WARNING * * *
Okay, then.
Okay, then.
You hit the worker ant but do no damage.
The worker ant bites you.
* * * LOW HITPOINT WARNING * * *
You hit the worker ant but do no damage.
The worker ant closely misses you.
You closely miss the worker ant. The worker ant barely misses you.
You barely miss the worker ant.
The worker ant bites you but does no damage.
Aim: a worker ant (severely wounded)
The blast of sand hits the worker ant but does no damage.
b - 26 stones The worker ant bites you.
* * * LOW HITPOINT WARNING * * *
The worker ant barely misses you.
You fade into invisibility!
The worker ant closely misses you.
You are very lightly contaminated with residual magic.
You hit the worker ant. The worker ant barely misses you.
You hit the worker ant. The worker ant bites you.
* * * LOW HITPOINT WARNING * * *
You hit the worker ant but do no damage.
The worker ant bites you.
* * * LOW HITPOINT WARNING * * *
You hit the worker ant.
You kill the worker ant!
Training target 5.0 for Earth Magic reached!
Your Earth Magic skill increases to level 5!
You strike the helpless ogre from behind!
You hit the ogre. The ogre barely misses you.
You hit the ogre.
You hear the slow hiss of a distant avalanche of sand.
The ogre barely misses you.
You see here a worker ant corpse.
You hit the ogre. You barely miss the ogre.
The ogre hits you but does no damage.
You butcher the worker ant corpse.
The ogre hits you with a +0 giant spiked club!!
You die...

#......$..... #
#.#.....#
..####.#..####
#.#....#..# #.#.
#...# #.#.###.#.#
#....##...#
###.#.##..##
#>.....@..# ###
##.#..###O##
#...#....####..#
.........#......#
..................
.......<.........##
................##
.........#......#
#...#...##......


You could see an ogre.

Vanquished Creatures
  An orc wizard (D:4)
  A worker ant (D:4)
  2 adders (D:2)
  A worm (D:3)
  2 dart slugs
  2 leopard geckos
  A ball python (D:1)
  4 bats
  2 giant cockroaches (D:2)
  10 goblins
  10 hobgoblins
  7 jackals
  A quokka (D:3)
  4 frilled lizards
  11 kobolds
  A leopard gecko skeleton (D:4)
  7 rats
67 creatures vanquished.

Notes
Turn   | Place    | Note
-------+----------+-------------------------------------------
     0 | D:1      | MalarOregon the Ghoul Earth Elementalist began the quest
                  | for the Orb.
     0 | D:1      | Reached XP level 1. HP: 14/14 MP: 2/2
   136 | D:1      | Reached skill level 1 in Fighting
   136 | D:1      | Reached XP level 2. HP: 3/23 MP: 0/3
  1123 | D:1      | Reached XP level 3. HP: 16/29 MP: 0/4
  1223 | D:1      | Reached skill level 4 in Earth Magic
  1585 | D:2      | Found a hide-covered altar of Uskayaw.
  1588 | D:2      | Noticed a +0 dagger
  1588 | D:2      | Noticed a +0 dagger
  1727 | D:2      | Reached XP level 4. HP: 37/37 MP: 1/5
  2144 | D:2      | Learned a level 2 spell: Passwall
  2148 | D:2      | Learned a level 3 spell: Stone Arrow
  2797 | D:3      | Found a bloodstained altar of Trog.
  2915 | D:3      | Found a basalt altar of Yredelemnul.
  3068 | D:4      | Noticed a phantom
  3091 | D:4      | Reached XP level 5. HP: 40/45 MP: 0/6
  3237 | D:4      | Noticed an ogre
  3264 | D:4      | Reached skill level 5 in Earth Magic
  3270 | D:4      | Demolished by an ogre

Skill      XL: |  1  2  3  4  5 |
---------------+----------------+-----
Fighting       | 1 2 3 |  3.6
Earth Magic    | 4 5 |  5.0
Dodging        | |  1.7
Stealth        | |  2.1
Spellcasting   | |  1.7
Transmutations | |  0.8

Action                   |  1- 3 |  4- 6 || total
-------------------------+-------+-------++-------
Melee: Club              |     9 |       ||     9
       Unarmed           |     4 |       ||     4
       Dagger            |   105 |   179 ||   284
       Hand axe          |     5 |       ||     5
 Cast: Sandblast         |    18 |    19 ||    37
  Use: Scroll            |     4 |     9 ||    13
       Potion            |       |     1 ||     1
 Stab: Sleeping          |     4 |       ||     4
       Invisible         |       |     1 ||     1
  Eat: Chunk             |     3 |     7 ||    10
Armor: Robe              |    24 |       ||    24
       Ring mail         |       |    54 ||    54
Dodge: Dodged            |    80 |    89 ||   169
